Map: Frozen Temple

Players

Rakan - Winner!

  • Race: Terran Terran
  • League: Diamond

Luke

  • Race: Protoss Protoss
  • League: Master

VOD

https://www.youtube.com/channel/UCcSgNfDNxvyisU-eCj9xyNg/playlists

Description

Time

  • Played on: Aug. 26, 2016, 11:56 a.m.
  • Length: 10:15
Show
View Real Time Build Order
Export as new Build Order

Rakan Terran - Winner!

Build Orders: Reaper Expand, MMM Bio 

Get SALT Encoding   

  12  0:00  SCV  
  13  0:13  SCV  
  14  0:18  Supply Depot  
  14  0:25  SCV  
  15  0:39  SCV  
  15  0:41  Barracks  
  16  0:45  Refinery  
  16  0:51  SCV  
  17  1:03  SCV  
  18  1:15  SCV  
  19  1:27  Reaper  
  19  1:29  Orbital Command  
  20  1:43  Command Center  
  20  1:55  Barracks  
  20  1:59  SCV  
  21  2:08  Supply Depot  
  21  2:11  SCV, Barracks Reactor  
  22  2:16  Refinery  
  22  2:23  SCV  
  22  2:47  Barracks Tech Lab, SCV  
  22  2:48  Factory  
  23  2:53  Marine x2  
  23  2:56  Bunker  
  25  2:59  SCV x2  
  27  3:07  Stimpack, Marine  
  27  3:11  SCV x2  
  30  3:21  Marine  
  30  3:22  Marine  
  30  3:23  SCV  
  33  3:28  Orbital Command  
  33  3:31  Widow Mine  
  33  3:35  SCV  
  34  3:42  Marine  
  34  3:43  Marine x2  
  34  3:47  SCV  
  38  3:49  Starport  
  38  3:53  SCV  
  39  3:57  Supply Depot  
  39  3:59  SCV  
  39  4:00  Widow Mine  
  42  4:05  SCV  
  42  4:06  Marine  
  42  4:09  Marine  
  45  4:11  SCV  
  45  4:15  Supply Depot  
  46  4:19  SCV, Marine  
  46  4:23  SCV  
  49  4:24  Marine  
  49  4:27  Marine  
  49  4:29  Medivac  
  49  4:30  Engineering Bay  
  53  4:33  SCV  
  53  4:37  SCV, Marine  
  56  4:42  Widow Mine, Marine  
  56  4:44  Marine  
  59  4:45  SCV  
  59  4:49  SCV  
  60  5:00  Marine  
  60  5:02  SCV  
  62  5:12  Supply Depot  
  62  5:16  Command Center  
  62  5:19  Missile Turret  
  62  5:21  Combat Shields  
  62  5:22  Missile Turret  
  62  5:28  Barracks  
  62  5:33  SCV x2, Supply Depot, Marine  
  62  5:34  Supply Depot  
  65  5:36  Refinery  
  65  5:45  SCV  
  52  6:00  SCV, Marine  
  52  6:01  Marine, Marauder  
  52  6:02  SCV  
  54  6:09  Refinery, Factory Reactor  
  57  6:12  Medivac  
  57  6:13  SCV  
  57  6:14  SCV  
  57  6:16  Barracks  
  57  6:17  Marine  
  59  6:18  Barracks  
  59  6:23  Marauder  
  59  6:25  SCV  
  62  6:26  SCV  
  63  6:33  SCV  
  63  6:35  Marine x2  
  63  6:36  Barracks Tech Lab  
  63  6:37  SCV  
  63  6:38  SCV  
  68  6:44  Marauder  
  71  6:48  Concussive Shells  
  71  6:50  SCV  
  71  6:53  Orbital Command, Marine x2  
  71  6:56  SCV  
  71  6:57  Terran Infantry Weapons Level 1  
  68  7:02  SCV  
  68  7:04  Medivac  
  68  7:05  Medivac, Marauder  
  75  7:08  SCV  
  75  7:11  Barracks Tech Lab, Marine x2  
  75  7:12  Barracks Reactor  
  78  7:19  SCV  
  78  7:20  Orbital Command, Engineering Bay  
  79  7:24  Marine  
  79  7:26  SCV  
  79  7:27  Marauder  
  83  7:31  SCV  
  83  7:34  Marine x2  
  83  7:35  Marine  
  87  7:37  Medivac x2  
  87  7:38  SCV  
  87  7:43  SCV, Marauder, Starport  
  95  7:48  Marauder  
  95  7:49  Refinery  
  94  7:52  Marine  
  94  7:54  Marine x2  
  94  7:55  Marine x2  
  94  7:56  SCV  
  100  7:59  Supply Depot x2  
  100  8:01  Supply Depot  
  100  8:02  Missile Turret, SCV  
  101  8:08  Factory Reactor  
  101  8:14  SCV, Marine x3, Marauder x2  
  109  8:20  SCV x2, Marine, Marauder  
  109  8:26  SCV  
  115  8:32  SCV, Armory, Marine x3  
  119  8:35  Marine  
  119  8:36  Marauder  
  119  8:38  Marine  
  119  8:39  SCV x2  
  125  8:41  Marine  
  125  8:44  Liberator  
  125  8:45  Liberator  
  125  8:47  Liberator  
  126  8:50  Marine x3  
  126  8:51  SCV x2  
  126  8:55  Refinery  
  131  8:58  Liberator  
  137  9:03  SCV  
  141  9:12  Supply Depot  
  141  9:13  Supply Depot  
  141  9:15  Supply Depot, Marine x4  
  148  9:23  SCV  
  147  9:28  Marine  
  143  9:32  SCV  
  143  9:33  Marauder  
  143  9:35  Marine x2  
  143  9:36  Marauder x2  
  140  9:44  SCV, Marine  
  136  9:46  Marine  
  122  9:55  Marine x2  
  122  9:56  SCV  
Show
View Real Time Build Order
Export as new Build Order

Luke Protoss 

Build Orders: 1 Gate Expand, Oracle Opening 

Get SALT Encoding   

  12  0:01  Probe (Chrono Boost)  
  13  0:11  Probe (Chrono Boost)  
  14  0:18  Pylon  
  14  0:23  Probe (Chrono Boost)  
  15  0:36  Probe (Chrono Boost)  
  15  0:37  Gateway  
  16  0:46  Probe (Chrono Boost)  
  16  0:48  Assimilator  
  18  0:57  Probe (Chrono Boost)  
  18  1:07  Probe (Chrono Boost)  
  19  1:18  Probe (Chrono Boost)  
  20  1:25  Nexus  
  20  1:30  Probe (Chrono Boost)  
  21  1:39  Cybernetics Core  
  21  1:44  Pylon  
  21  1:48  Probe (Chrono Boost)  
  22  1:55  Assimilator  
  22  1:59  Probe (Chrono Boost)  
  23  2:06  Pylon  
  23  2:09  Probe (Chrono Boost)  
  24  2:18  Adept  
  24  2:20  Mothership Core (Chrono Boost)  
  28  2:43  Probe (Chrono Boost)  
  29  2:49  Stargate  
  29  2:50  Probe (Chrono Boost)  
  30  2:53  Probe (Chrono Boost)  
  30  2:57  Adept  
  33  2:59  Warp Gate  
  33  3:01  Probe (Chrono Boost)  
  34  3:07  Probe (Chrono Boost)  
  34  3:11  Probe (Chrono Boost)  
  36  3:17  Probe (Chrono Boost)  
  37  3:22  Probe (Chrono Boost)  
  37  3:25  Pylon  
  38  3:28  Probe (Chrono Boost)  
  38  3:32  Probe (Chrono Boost)  
  40  3:37  Oracle  
  41  3:41  Probe (Chrono Boost)  
  41  3:42  Assimilator  
  44  3:49  Probe (Chrono Boost), Pylon  
  44  3:52  Robotics Facility  
  44  3:54  Probe (Chrono Boost)  
  46  3:58  Assimilator  
  46  4:00  Probe (Chrono Boost)  
  46  4:02  Pylon  
  47  4:06  Probe (Chrono Boost)  
  48  4:10  Probe (Chrono Boost)  
  48  4:12  Phoenix  
  52  4:18  Probe (Chrono Boost)  
  52  4:21  Probe (Chrono Boost)  
  52  4:23  Twilight Council  
  53  4:30  Probe (Chrono Boost)  
  54  4:31  Probe (Chrono Boost)  
  55  4:38  Gateway  
  55  4:42  Probe x2 (Chrono Boost)  
  57  4:47  Resonating Glaives  
  57  4:52  Probe (Chrono Boost)  
  59  4:54  Probe (Chrono Boost)  
  59  4:58  Gateway, Pylon, Observer  
  59  4:59  Gateway  
  60  5:03  Probe (Chrono Boost)  
  60  5:06  Probe (Chrono Boost)  
  62  5:07  Phoenix  
  62  5:13  Probe (Chrono Boost)  
  65  5:18  Probe (Chrono Boost)  
  66  5:24  Immortal, Probe (Chrono Boost)  
  66  5:27  Adept  
  71  5:55  Adept x4  
  71  6:04  Probe x2 (Chrono Boost)  
  71  6:07  Nexus  
  71  6:09  Pylon  
  71  6:12  Blink, Pylon  
  71  6:15  Adept x2  
  71  6:16  Probe (Chrono Boost), Adept x2  
  77  6:37  Probe (Chrono Boost)  
  78  6:40  Stalker x3  
  78  6:41  Stalker  
  86  6:49  Probe (Chrono Boost)  
  86  6:50  Probe (Chrono Boost)  
  86  6:53  Assimilator  
  88  6:55  Assimilator  
  88  7:01  Probe (Chrono Boost)  
  90  7:02  Probe (Chrono Boost), Phoenix  
  92  7:09  Sentry x3  
  92  7:10  Sentry  
  92  7:13  Probe (Chrono Boost)  
  101  7:15  Pylon  
  101  7:22  Mothership Core (Chrono Boost)  
  103  7:23  Probe (Chrono Boost)  
  103  7:25  Probe (Chrono Boost)  
  105  7:31  Forge  
  105  7:34  Probe (Chrono Boost)  
  105  7:35  Adept x2  
  105  7:36  Adept x2  
  114  7:56  Adept x4  
  122  7:59  Probe (Chrono Boost)  
  122  8:00  Probe x2 (Chrono Boost), Protoss Ground Weapons Level 1  
  122  8:02  Pylon  
  125  8:10  Photon Cannon x2  
  125  8:14  Photon Cannon  
  125  8:20  Pylon  
  125  8:22  Probe (Chrono Boost)  
  125  8:25  Pylon, Stalker x3  
  132  8:40  Pylon, Stalker  
  134  8:41  Pylon  
  134  8:45  Gateway  
  134  8:46  Gateway  
  134  8:48  Stalker, Gateway x2  
  136  8:56  Stalker x2  
  136  9:01  Observer  
  141  9:04  Pylon  
  141  9:07  Forge, Adept  
  141  9:08  Pylon  
  141  9:24  Adept x2  
  141  9:25  Adept  
  103  9:46  Adept x4  
  84  10:00  Adept x2  
  67  10:09  Adept x4  
Tags
 
Add a new tag
Caveats
  • Supply blocks, unpowered buildings, or Contaminate may cause inaccurate times.
  • Supply counts are checked every 10 seconds.